 Dungeon Sprint DCSS version 0.31-a0-408-gb642c7f9a3 (webtiles) character file.

Game seed: 2233434010693920434

22969 zazu2006 the Tortoise (level 13, -4/111 HPs)
             Began as a Gnoll Wanderer on July 29, 2023.
             Was a High Priest of Okawaru.
             Slain by a fire giant
             ... wielding a +0 great sword of flaming
              (5 damage)
             ... in the Dungeon (Sprint IX: "|||||||||||||||||||||||||||||").
             The game lasted 00:12:06 (2954 turns).

zazu2006 the Tortoise (Gnoll Wanderer)              Turns: 2954, Time: 00:12:08

Health: -4/111     AC: 20    Str: 14    XL:     13   Next: 3%
Magic:  24/30      EV: 20    Int: 12    God:    Okawaru [*****.]
Gold:   1716       SH:  0    Dex: 20    Spells: 37/38 levels left

rFire   . . .        h - +5 scimitar (flame)
rCold   . . .        (no shield)
rNeg    . . .        d - +3 scale mail
rPois   .            (no helmet)
rElec   .            A - +1 cloak
rCorr   .            z - +1 pair of gloves
SInv    .            (no boots)
Will    .....        u - amulet of the acrobat
Stlth   ++++++       m - +3 ring of dexterity
HPRegen 0.38/turn    n - +3 ring of strength
MPRegen 0.22/turn

%: no teleportation, acrobat
@: heroic, finesse-ful
A: fangs 1, strong nose, distributed training
a: Renounce Religion, Heroism, Finesse


You were in the Dungeon.
You worshipped Okawaru.
Okawaru was extremely pleased with you.
You visited 1 branch You collected 1948 gold pieces.
You spent 232 gold pieces at shops.

Inventory:

Hand Weapons
 h - a +5 scimitar of flaming (weapon)
 k - a +2 scimitar of holy wrath
Missiles
 f - 5 curare-tipped darts
 j - 2 javelins
 o - 2 silver javelins
 p - 3 datura-tipped darts
Armour
 a - a +0 kite shield
 d - a +3 scale mail (worn)
 z - a +1 pair of gloves (worn)
 A - a +1 cloak (worn)
Jewellery
 m - a +3 ring of dexterity (left hand)
 n - a +3 ring of strength (right hand)
 q - a ring of see invisible
 u - an amulet of the acrobat (around neck)
 v - a ring of fire
 w - an amulet of reflection
 x - a ring of protection from cold
 y - a ring of protection from cold
Scrolls
 c - 4 scrolls of blinking
 i - 2 scrolls of amnesia
 r - a scroll of fog
 s - 7 scrolls of enchant armour
 B - a scroll of fear
Potions
 b - 11 potions of curing
 e - 7 potions of heal wounds
 g - 4 potions of magic
 l - a potion of berserk rage
 t - a potion of degeneration


   Skills:
 + Level 13.0(18.0) Fighting
 + Level 12.8(17.8) Short Blades
 + Level 12.8(17.8) Long Blades
 + Level 12.8(17.8) Axes
 + Level 12.8(17.8) Maces & Flails
 + Level 12.8(17.8) Polearms
 + Level 12.8(17.8) Staves
 + Level 12.8(17.8) Ranged Weapons
 + Level 12.8(17.8) Throwing
 + Level 16.1(21.1) Armour
 + Level 12.8(17.8) Dodging
 + Level 13.0(18.0) Stealth
 + Level 12.8(17.8) Shields
 + Level 12.8(17.8) Unarmed Combat
 + Level 13.1 Spellcasting
 + Level 10.8 Conjurations
 + Level 10.8 Hexes
 + Level 11.5 Summonings
 + Level 10.8 Necromancy
 + Level 10.8 Translocations
 + Level 10.8 Transmutations
 + Level 10.8 Fire Magic
 + Level 10.8 Ice Magic
 + Level 10.8 Air Magic
 + Level 10.8 Earth Magic
 + Level 10.8 Poison Magic
 + Level 13.8 Invocations
 + Level 12.8 Evocations
 + Level 10.8 Shapeshifting


You had 37 spell levels left.
You knew the following spells:

 Your Spells              Type           Power      Damage    Failure   Level
a - Summon Small Mammal   Summ           100%       N/A       1%          1

Your spell library contained the following spells:

 Spells                   Type           Power      Damage    Failure   Level
 Summon Guardian Golem    Hex/Summ       Unusable   N/A       N/A         3

Dungeon Overview and Level Annotations

Branches:
Dungeon (1/1)

Altars:
Cheibriados
Dithmenos
Elyvilon
Fedhas
Gozag
Hepliaklqana
Kikubaaqudgha
Makhleb
Nemelex Xobeh
Okawaru
Qazlal
Ru
Sif Muna
Trog
Uskayaw
Vehumet
Wu Jian
Xom
Yredelemnul
Zin
The Shining One
Jiyva
Lugonu

Shops:
D !?*?


Innate Abilities, Weirdness & Mutations

You have very sharp teeth.
Your uncanny sense of smell can sniff out nearby items.
Your experience applies equally to all skills.


Message History

You slash the deep troll shaman! You burn the deep troll shaman.
You bite the deep troll shaman, but do no damage.
The deep troll shaman is almost dead.
A vampire mage comes into view.
The deep troll shaman bites you but does no damage.
The deep troll shaman closely misses you.
The deep troll shaman claws you but does no damage.
You hit the deep troll shaman. You burn the deep troll shaman.
Your bite misses the deep troll shaman.
The deep troll shaman is almost dead.
You gain the combat prowess of a mighty hero.
The deep troll shaman bites you! The deep troll shaman misses you.
The deep troll shaman closely misses you.
You slash the deep troll shaman! You burn the deep troll shaman.
You kill the deep troll shaman!
Okawaru accepts your kill.
The troll leather armour is intact enough to wear.
A spark wasp comes into view.
The fire giant gestures at you while chanting.
The fireball explodes!
The fireball engulfs you!!
* * * LOW HITPOINT WARNING * * *
The fireball engulfs the fire giant.
The fire giant resists.
The vampire mage mumbles some strange words.
The vampire mage flickers and vanishes!
Deactivating autopickup; reactivate with Ctrl-A.
Things that are here:
a +0 troll leather armour; a +3 scimitar of flaming; a deep troll corpse You feel much better.
The fire giant hits you with a +0 great sword of flaming!!
* * * LOW HITPOINT WARNING * * *
The fire giant burns you!
* * * LOW HITPOINT WARNING * * *
You hear some strange, mumbled words.
The spark wasp buzzes angrily.
You hit the fire giant but do no damage.
The fire giant is lightly wounded.
The fire giant hits you with a +0 great sword of flaming!!
* * * LOW HITPOINT WARNING * * *
The fire giant burns you.
You die...

▓▓▓▓▓▓▓▓▓▓▓▓▓▓▓▓▓▓▓▓▓▓▓▓
y{MlDTC@).).()'.........
▓▓▓▓▓▓▓▓▓▓▓▓▓▓▓▓▓▓▓▓▓▓▓▓▓▓▓▓▓▓▓▓▓
..........................)......
▓▓▓▓▓▓▓▓▓▓▓▓▓▓▓▓▓▓▓▓▓▓▓▓▓▓▓▓▓▓▓▓▓
.......'...))∩)∩)∩.∩)))()'....)))
▓▓▓▓▓▓▓▓▓▓▓▓▓▓▓▓▓▓▓▓▓▓▓▓▓▓▓▓▓▓▓▓▓
..............................)..
▓▓▓▓▓▓▓▓▓▓▓▓▓▓▓▓▓▓▓▓▓▓▓▓▓▓▓▓▓▓▓▓▓
..'..[[[[..'..(.........'.....†..


You could see a fire giant, an ice dragon, a spark wasp, a deep troll shaman, a
basilisk and a mummy (summoned).

Vanquished Creatures
  A lich (D)
  3 dire elephants (D)
  Erolcha (D)
  A catoblepas (D)
  Erica (D)
  2 centaur warriors (D)
  A tengu warrior (D)
  A deep troll shaman (D)
  3 orc high priests (D)
  10 orc knights (D)
  A deep elf pyromancer (D)
  3 orc sorcerers (D)
  2 ugly things (D)
  2 cyclopes (D)
  5 elephants (D)
  A black mamba (D)
  2 komodo dragons (D)
  2 cane toads (D)
  2 efreet (D)
  A polar bear (D)
  3 wyverns (D)
  A slime creature (D)
  3 yaks (D)
  5 water moccasins (D)
  10 orc warriors (D)
  2 phantoms (D)
  A bullfrog (D)
  4 orc priests (D)
  A gnoll bouda (D)
  5 orc wizards (D)
  A hell rat (D)
  A white imp (D)
  9 orcs (D)
  A hobgoblin (D)
  A jackal (D)
  A bat (D)
  A frilled lizard (D)
  A rat (D)
96 creatures vanquished.

Vanquished Creatures (collateral kills)
  A dart slug (D)
1 creature vanquished.

Grand Total: 97 creatures vanquished

Notes
Turn   | Place    | Note
-------+----------+-------------------------------------------
     0 | D        | Reached skill level 10 in Armour
     0 | D        | zazu2006 the Gnoll Wanderer began the quest for the Orb.
     0 | D        | zazu2006 set off with the following items: a +0 dagger, 2
                  | potions of curing, 2 scrolls of blinking, a +2 scale mail,
                  | a potion of heal wounds, a potion of haste, 2 potions of
                  | magic, a potion of berserk rage; and the following spell
                  | memorised: Summon Small Mammal; and the following spells
                  | available to memorise: Summon Guardian Golem.
     0 | D        | Reached XP level 1. HP: 17/17 MP: 4/4
    28 | D        | Reached skill level 1 in Invocations
    34 | D        | Noticed a phantom
    34 | D        | Noticed a phantom
    53 | D        | Reached skill level 1 in Short Blades
    53 | D        | Reached skill level 1 in Long Blades
    53 | D        | Reached skill level 1 in Axes
    53 | D        | Reached skill level 1 in Maces & Flails
    53 | D        | Reached skill level 1 in Polearms
    53 | D        | Reached skill level 1 in Staves
    53 | D        | Reached skill level 1 in Ranged Weapons
    53 | D        | Reached skill level 1 in Throwing
    53 | D        | Reached skill level 1 in Dodging
    53 | D        | Reached skill level 1 in Shields
    53 | D        | Reached skill level 1 in Unarmed Combat
    53 | D        | Reached skill level 1 in Evocations
    53 | D        | Reached XP level 2. HP: 23/23 MP: 1/6
    63 | D        | Killed a phantom
    64 | D        | Reached XP level 3. HP: 30/30 MP: 2/8
    64 | D        | Reached XP level 4. HP: 37/37 MP: 2/9
    69 | D        | Killed a phantom
    70 | D        | Reached skill level 11 in Armour
    70 | D        | Reached XP level 5. HP: 38/43 MP: 2/11
   141 | D        | Found a snail-covered altar of Cheibriados.
   141 | D        | Found a shadowy altar of Dithmenos.
   141 | D        | Found a white marble altar of Elyvilon.
   141 | D        | Found a blossoming altar of Fedhas.
   141 | D        | Found an opulent altar of Gozag.
   142 | D        | Found a hazy altar of Hepliaklqana.
   143 | D        | Found a viscous altar of Jiyva.
   144 | D        | Found an ancient bone altar of Kikubaaqudgha.
   145 | D        | Found a corrupted altar of Lugonu.
   146 | D        | Found a burning altar of Makhleb.
   147 | D        | Found a sparkling altar of Nemelex Xobeh.
   148 | D        | Found an iron altar of Okawaru.
   149 | D        | Found a stormy altar of Qazlal.
   150 | D        | Found a sacrificial altar of Ru.
   151 | D        | Found a shimmering blue altar of Sif Muna.
   152 | D        | Found a bloodstained altar of Trog.
   153 | D        | Found a hide-covered altar of Uskayaw.
   154 | D        | Found a radiant altar of Vehumet.
   155 | D        | Found an ornate altar of the Wu Jian Council.
   156 | D        | Found a shimmering altar of Xom.
   157 | D        | Found a basalt altar of Yredelemnul.
   158 | D        | Found a glowing silver altar of Zin.
   159 | D        | Found a glowing golden altar of the Shining One.
   168 | D        | Became a worshipper of Warmaster Okawaru
   206 | D        | Noticed an orc warrior
   206 | D        | Noticed a yak
   206 | D        | Noticed an orc warrior
   206 | D        | Noticed a yak
   206 | D        | Noticed an orc warrior
   212 | D        | Reached skill level 5 in Summonings
   223 | D        | Killed an orc warrior
   224 | D        | Reached skill level 5 in Fighting
   224 | D        | Reached skill level 5 in Stealth
   224 | D        | Reached skill level 5 in Spellcasting
   224 | D        | Reached XP level 6. HP: 15/51 MP: 14/14
   234 | D        | Killed a yak
   234 | D        | Reached * piety under Okawaru
   235 | D        | Reached skill level 5 in Short Blades
   235 | D        | Reached skill level 5 in Long Blades
   235 | D        | Reached skill level 5 in Axes
   235 | D        | Reached skill level 5 in Maces & Flails
   235 | D        | Reached skill level 5 in Polearms
   235 | D        | Reached skill level 5 in Staves
   235 | D        | Reached skill level 5 in Ranged Weapons
   235 | D        | Reached skill level 5 in Throwing
   235 | D        | Reached skill level 5 in Dodging
   235 | D        | Reached skill level 5 in Shields
   235 | D        | Reached skill level 5 in Unarmed Combat
   235 | D        | Reached skill level 5 in Invocations
   235 | D        | Reached skill level 5 in Evocations
   235 | D        | Killed a yak
   235 | D        | Killed an orc warrior
   235 | D        | Reached ** piety under Okawaru
   236 | D        | Reached XP level 7. HP: 22/59 MP: 14/16
   237 | D        | HP: 2/59 [orc warrior/+0 glaive (14)]
   240 | D        | Reached skill level 12 in Armour
   426 | D        | Noticed a white ugly thing
   426 | D        | Noticed a deep elf pyromancer
   426 | D        | Noticed a tengu warrior
   426 | D        | Noticed a purple ugly thing
   426 | D        | Noticed an efreet
   428 | D        | Killed a deep elf pyromancer
   428 | D        | Reached *** piety under Okawaru
   429 | D        | Reached skill level 5 in Conjurations
   429 | D        | Reached skill level 5 in Hexes
   429 | D        | Reached skill level 5 in Necromancy
   429 | D        | Reached skill level 5 in Translocations
   429 | D        | Reached skill level 5 in Transmutations
   429 | D        | Reached skill level 5 in Fire Magic
   429 | D        | Reached skill level 5 in Ice Magic
   429 | D        | Reached skill level 5 in Air Magic
   429 | D        | Reached skill level 5 in Earth Magic
   429 | D        | Reached skill level 5 in Poison Magic
   429 | D        | Reached skill level 5 in Shapeshifting
   429 | D        | Reached XP level 8. HP: 67/67 MP: 18/18
   432 | D        | Killed a purple ugly thing
   433 | D        | Killed an efreet
   434 | D        | Reached XP level 9. HP: 74/74 MP: 18/20
   434 | D        | Killed a white ugly thing
   448 | D        | Killed a tengu warrior
   448 | D        | Reached **** piety under Okawaru
   448 | D        | Received a gift from Okawaru
   449 | D        | Reached skill level 13 in Armour
   688 | D        | Noticed a catoblepas
   688 | D        | Noticed a komodo dragon
   688 | D        | Noticed a black mamba
   696 | D        | Killed a black mamba
   915 | D        | Killed a catoblepas
   915 | D        | Received a gift from Okawaru
   916 | D        | Reached XP level 10. HP: 53/83 MP: 21/23
   926 | D        | Reached ***** piety under Okawaru
   932 | D        | Reached skill level 10 in Invocations
   950 | D        | Noticed a cane toad
   951 | D        | Noticed a cane toad
   953 | D        | Killed a cane toad
   955 | D        | Received a gift from Okawaru
   973 | D        | Received a gift from Okawaru
   976 | D        | Killed a cane toad
   977 | D        | Reached skill level 10 in Fighting
   977 | D        | Reached skill level 10 in Spellcasting
   983 | D        | Reached skill level 10 in Stealth
   985 | D        | Reached skill level 14 in Armour
  1001 | D        | Noticed an elephant
  1001 | D        | Noticed a dire elephant
  1001 | D        | Noticed a dire elephant
  1001 | D        | Noticed an elephant
  1001 | D        | Noticed an elephant
  1001 | D        | Noticed an elephant
  1005 | D        | Killed an elephant
  1006 | D        | Reached XP level 11. HP: 63/90 MP: 22/25
  1006 | D        | Noticed a dire elephant
  1513 | D        | Killed a dire elephant
  1513 | D        | Received a gift from Okawaru
  1514 | D        | Reached skill level 10 in Short Blades
  1514 | D        | Reached skill level 10 in Long Blades
  1514 | D        | Reached skill level 10 in Axes
  1514 | D        | Reached skill level 10 in Maces & Flails
  1514 | D        | Reached skill level 10 in Polearms
  1514 | D        | Reached skill level 10 in Staves
  1514 | D        | Reached skill level 10 in Ranged Weapons
  1514 | D        | Reached skill level 10 in Throwing
  1514 | D        | Reached skill level 10 in Dodging
  1514 | D        | Reached skill level 10 in Shields
  1514 | D        | Reached skill level 10 in Unarmed Combat
  1514 | D        | Reached skill level 10 in Evocations
  1657 | D        | Killed a dire elephant
  1717 | D        | Killed a dire elephant
  1717 | D        | Received a gift from Okawaru
  1825 | D        | Noticed Erica
  1841 | D        | Killed Erica
  1920 | D        | Noticed an orc sorcerer
  1944 | D        | Killed an orc sorcerer
  1945 | D        | Reached skill level 10 in Summonings
  2122 | D        | Noticed an orc knight
  2122 | D        | Noticed an orc knight
  2125 | D        | Noticed an orc knight
  2130 | D        | Killed an orc knight
  2134 | D        | Noticed an orc knight
  2140 | D        | Killed an orc knight
  2140 | D        | Received a gift from Okawaru
  2146 | D        | Noticed an orc knight
  2149 | D        | Killed an orc knight
  2150 | D        | Reached skill level 15 in Armour
  2160 | D        | Killed an orc knight
  2160 | D        | Received a gift from Okawaru
  2160 | D        | Noticed an orc knight
  2161 | D        | Reached XP level 12. HP: 79/101 MP: 22/27
  2187 | D        | Received a gift from Okawaru
  2439 | D        | Found Yfaagups's Magic Scroll Boutique.
  2452 | D        | Found Cifulooll's Assorted Antiques.
  2453 | D        | Noticed an orc high priest
  2465 | D        | Received a gift from Okawaru
  2466 | D        | Reached skill level 10 in Conjurations
  2466 | D        | Reached skill level 10 in Hexes
  2466 | D        | Reached skill level 10 in Necromancy
  2466 | D        | Reached skill level 10 in Translocations
  2466 | D        | Reached skill level 10 in Transmutations
  2466 | D        | Reached skill level 10 in Fire Magic
  2466 | D        | Reached skill level 10 in Ice Magic
  2466 | D        | Reached skill level 10 in Air Magic
  2466 | D        | Reached skill level 10 in Earth Magic
  2466 | D        | Reached skill level 10 in Poison Magic
  2466 | D        | Reached skill level 10 in Shapeshifting
  2466 | D        | Found Gaahupre's Magic Scroll Boutique.
  2470 | D        | Noticed an orc high priest
  2472 | D        | Killed an orc high priest
  2473 | D        | Found Plog's Distillery.
  2484 | D        | Noticed an orc high priest
  2490 | D        | Killed an orc high priest
  2490 | D        | Identified the +0 plate armour "Hegeawk" {Drain rCorr
                  | Int+5} (Okawaru gifted it to you in the Dungeon)
  2490 | D        | Received a gift from Okawaru
  2510 | D        | Killed an orc high priest
  2677 | D        | Bought a potion of heal wounds for 110 gold pieces
  2701 | D        | Bought a potion of degeneration for 12 gold pieces
  2705 | D        | Bought a dented peridot amulet for 110 gold pieces
  2751 | D        | Noticed Erolcha
  2768 | D        | Killed Erolcha
  2895 | D        | Noticed a centaur warrior
  2895 | D        | Noticed a centaur warrior
  2901 | D        | Noticed a lich
  2905 | D        | Noticed a deep troll shaman
  2913 | D        | Noticed a fire giant
  2916 | D        | Killed a centaur warrior
  2930 | D        | Killed a lich
  2931 | D        | Reached skill level 16 in Armour
  2931 | D        | Noticed a deep troll shaman
  2939 | D        | Killed a centaur warrior
  2940 | D        | Reached XP level 13. HP: 70/111 MP: 25/30
  2940 | D        | Noticed an ice dragon
  2952 | D        | Noticed a spark wasp
  2954 | D        | HP: 1/111 [fire giant/+0 great sword of flaming (23)]
  2954 | D        | Slain by a fire giant

Illustrated notes

Levels and vault maps discovered:
D:        linesprint [early_d, line_temple, items_1, d_10, items_2, lair_1,
          lair_end, items_3, orc_1, orc_end, items_4, d_15, swamp_1, shoals_1,
          snake_1, spider_1, d_20, vaults_1, items_5, swamp_end, shoals_end,
          snake_end, spider_end, vaults_end, d_27, items_6, zot_1, zot_end,
          crypt_end, forest_end, elf_end, slime_end, tomb_end, abyss_end,
          pan_hell_end]

Skill      XL: |  1  2  3  4  5  6  7  8  9 10 11 12 13 |
---------------+----------------------------------------+-----
Armour         | 11 12 13 14 15 16 | 16.1
Invocations    | 1 3 4 6 7 8 9 10 12 13 | 13.8
Short Blades   | 1 2 3 4 5 6 7 8 9 11 12 | 12.8
Long Blades    | 1 2 3 4 5 6 7 8 9 11 12 | 12.8
Axes           | 1 2 3 4 5 6 7 8 9 11 12 | 12.8
Maces & Flails | 1 2 3 4 5 6 7 8 9 11 12 | 12.8
Polearms       | 1 2 3 4 5 6 7 8 9 11 12 | 12.8
Staves         | 1 2 3 4 5 6 7 8 9 11 12 | 12.8
Ranged Weapons | 1 2 3 4 5 6 7 8 9 11 12 | 12.8
Throwing       | 1 2 3 4 5 6 7 8 9 11 12 | 12.8
Dodging        | 1 2 3 4 5 6 7 8 9 11 12 | 12.8
Shields        | 1 2 3 4 5 6 7 8 9 11 12 | 12.8
Unarmed Combat | 1 2 3 4 5 6 7 8 9 11 12 | 12.8
Spellcasting   | 3 4 5 6 7 9 10 11 13 | 13.1
Evocations     | 1 2 3 4 5 6 7 8 9 11 12 | 12.8
Fighting       | 3 4 5 6 7 9 10 11 13 | 13.0
Stealth        | 3 4 5 6 7 9 10 11 12 13 | 13.0
Conjurations   | 2 3 4 5 6 7 8 9 10 | 10.8
Hexes          | 2 3 4 5 6 7 8 9 10 | 10.8
Summonings     | 4 5 6 7 8 9 10 11 | 11.5
Necromancy     | 2 3 4 5 6 7 8 9 10 | 10.8
Translocations | 2 3 4 5 6 7 8 9 10 | 10.8
Transmutations | 2 3 4 5 6 7 8 9 10 | 10.8
Fire Magic     | 2 3 4 5 6 7 8 9 10 | 10.8
Ice Magic      | 2 3 4 5 6 7 8 9 10 | 10.8
Air Magic      | 2 3 4 5 6 7 8 9 10 | 10.8
Earth Magic    | 2 3 4 5 6 7 8 9 10 | 10.8
Poison Magic   | 2 3 4 5 6 7 8 9 10 | 10.8
Shapeshifting  | 2 3 4 5 6 7 8 9 10 | 10.8

Action                     |  1- 3 |  4- 6 |  7- 9 | 10-12 | 13-15 || total
---------------------------+-------+-------+-------+-------+-------++-------
  Melee: Dagger            |    31 |    20 |       |       |       ||    51
         Bite              |     4 |     7 |     3 |    48 |     3 ||    65
         Scimitar          |       |    16 |    26 |   310 |    11 ||   363
         Punch             |       |     1 |     1 |    41 |       ||    43
   Cast: Summon Small Mamm |     3 |       |       |       |       ||     3
 Invoke: Heroism           |       |       |     2 |     8 |     1 ||    11
         Finesse           |       |       |     1 |     9 |       ||    10
  Evoke: Wand              |       |     3 |     7 |       |       ||    10
    Use: Potion            |     1 |     1 |     3 |     1 |     1 ||     7
         Scroll            |       |       |     3 |     1 |       ||     4
   Stab: Invisible         |       |     3 |       |       |       ||     3
         Petrifying        |       |       |     2 |       |       ||     2
         Distracted        |       |       |       |     1 |       ||     1
         Sleeping          |       |       |       |     2 |       ||     2
 Armour: Scale mail        |    19 |     8 |    12 |    44 |     2 ||    85
  Dodge: Dodged            |     6 |    24 |    17 |    96 |     4 ||   147

Table legend: (Time is in decaauts)
 A = Elapsed time spent in this place.
 B = Non-inter-level travel time spent in this place.
 C = Inter-level travel time spent in this place.
 D = Time resting spent in this place.
 E = Time spent auto-exploring this place.
 F = Levels seen in this place.
 G = Mean time per level.
                   A        B        C        D        E       F      G
               +--------+--------+--------+--------+--------+-----+--------+
         Total |   2760 |   2758 |      2 |    972 |    858 |   1 | 2760.0 |
       Dungeon |   2760 |   2758 |      2 |    972 |    858 |   1 | 2760.0 |
               +--------+--------+--------+--------+--------+-----+--------+

Top non-repeatable levels by time:
       D: 2760 daAuts
